 Dungeon Crawl Stone Soup version 0.31-a0-271-gb88eb75e06 (webtiles) character file.

Game seed: 10907916575601396221

75 garrulousMonolith the Changeling (level 4, 0/30 HPs)
             Began as an Octopode Shapeshifter on July 14, 2023.
             Constricted to death by Ijyb (8 damage)
             ... on level 3 of the Dungeon.
             The game lasted 00:01:42 (1297 turns).

garrulousMonolith the Changeling (OpSh)             Turns: 1297, Time: 00:01:43

Health: 0/30       AC:  1    Str: 14    XL:     4   Next: 31%
Magic:  4/4        EV: 10    Int: 10    God:
Gold:   119        SH:  0    Dex: 14    Spells: 3/3 levels left

rFire   . .          .
                       - Unarmed
rCold   . . .        (no shield)
rNeg    . . .        (helmet currently unavailable)
rPois   .            (no amulet)
rElec   .            d - ring of see invisible
rCorr   .            (no ring)
SInv    +            (no ring)
Will    .....        (no ring)
Stlth   +++          (no ring)
HPRegen 0.25/turn    (no ring)
MPRegen 0.09/turn    (no ring)
                     (no ring)

%: no passive effects
@: beast-form, grasped by roots, constricted
A: beast (slay +2), almost no armour, amphibious, 8 rings, camouflage 1,
gelatinous body 1, (nimble swimmer 1), tentacles
a: Begin Untransformation


You were on level 3 of the Dungeon.
You were a hulking beast.
You visited 1 branch of the dungeon, and saw 3 of its levels.

You collected 119 gold pieces.

Inventory:

Jewellery
 d - a ring of see invisible (left tentacle)
 j - an amulet of faith
Talismans
 b - a beast talisman
Scrolls
 c - a scroll of identify
 f - a scroll of amnesia {unknown}
 g - a scroll of enchant armour {unknown}
 i - a scroll of fog {unknown}
Potions
 a - a potion of lignification
 e - 2 potions of curing
 h - 2 potions of heal wounds
 k - a potion of mutation {unknown}
 l - a potion of resistance {unknown}


   Skills:
 + Level 2.5 Fighting
 + Level 2.4 Dodging
 + Level 1.7 Stealth
 * Level 2.8 Unarmed Combat
 * Level 3.4 Shapeshifting


You had 3 spell levels left.
You didn't know any spells.
Your spell library contained the following spells:

 Spells                   Type           Power      Damage    Failure   Level
 Slow                     Hex            0%         N/A       36%         1
 Confusing Touch          Hex            0%         N/A       75%         3
 Vampiric Draining        Necr           0%         2d6       75%         3


Dungeon Overview and Level Annotations

Branches:
Dungeon (3/15)

Altars:

Annotations:
D:3 Ijyb


Innate Abilities, Weirdness & Mutations

You are a hulking beast.
Your limbs bulge with bestial killing power. (Slay +2)
You cannot wear most types of armour.
You are amphibious.
You can wear up to eight rings at the same time.
Your skin changes colour to match your surroundings (Stealth+).
Your rubbery body absorbs attacks. (AC +1, EV +1)
((You are camouflaged when in or above water. (Stealth+)))
You have tentacles for arms and can constrict up to eight enemies at once.


Message History

You closely miss the giant cockroach. You grab the giant cockroach.
You constrict the giant cockroach, but do no damage.
The giant cockroach completely misses you.
The giant cockroach closely misses you.
You tentacle-slap the giant cockroach.
You squeeze the giant cockroach, but do no damage.
The giant cockroach is severely wounded.
You constrict the giant cockroach, but do no damage.
The giant cockroach waves its antennae.
The giant cockroach bites you.
You tentacle-slap the giant cockroach.
You kill the giant cockroach!
No target in view!
No target in view!
No target in view!
No target in view!
No target in view!
Ijyb the Twisted Goblin comes into view.
She is wielding a +0 dagger and carrying a wand of roots.
Ijyb is nearby!
Ijyb is nearby!
The helpless Ijyb fails to defend herself.
You tentacle-slap Ijyb but do no damage.
Your grab misses Ijyb. Your squeeze misses Ijyb.
Ijyb zaps a wand.
The roots erupt in riotous growth!
The grasping roots grab you!
Ijyb is unaffected.
The grasping roots constrict you.
You closely miss Ijyb. Your grab misses Ijyb. Ijyb hits you with a +0 dagger.
The grasping roots constrict you.
The grasping roots release their grip on you.
You are too injured to fight recklessly!
You are too injured to fight recklessly!
You tentacle-slap Ijyb but do no damage.
Your grab misses Ijyb.
Ijyb zaps a wand.
The roots erupt in riotous growth!
The grasping roots grab you!
Ijyb is unaffected.
The grasping roots constrict you.
You tentacle-slap Ijyb but do no damage.
Your grab misses Ijyb. Ijyb hits you with a +0 dagger.
* * * LOW HITPOINT WARNING * * *
The grasping roots constrict you!
You die...

(.#######).###### #
#####.# ##.
...##'#####...
####..#.....#..#
..#..#.......##
....#......##
#..###+##.#
#.#########..###....#
#.....gh............#
....##+######.#######
# #.# #.# #.# #.# #.#
..#


You could see Ijyb.

Vanquished Creatures
  A hound (D:3)
  5 endoplasms
  A giant cockroach (D:3)
  6 goblins
  4 hobgoblins
  4 jackals (D:3)
  4 kobolds
  A quokka (D:1)
  4 ball pythons (D:2)
  5 bats
  2 frilled lizards (D:1)
  4 rats
41 creatures vanquished.

Notes
Turn   | Place    | Note
-------+----------+-------------------------------------------
     0 | D:1      | garrulousMonolith the Octopode Shapeshifter began the quest
                  | for the Orb.
     0 | D:1      | Reached XP level 1. HP: 14/14 MP: 1/1
    90 | D:1      | Reached XP level 2. HP: 15/19 MP: 2/2
   614 | D:2      | Reached XP level 3. HP: 24/24 MP: 3/3
   623 | D:2      | Reached skill level 1 in Stealth
  1249 | D:3      | Reached XP level 4. HP: 30/30 MP: 4/4
  1287 | D:3      | Noticed Ijyb
  1297 | D:3      | Constricted to death by Ijyb

Illustrated notes

Levels and vault maps discovered:
D:1:      lightli_arrival_chessboard, layout_rooms
D:2:      layout_basic
D:3:      layout_basic, vehumet_statue, st_stairs_9, kennysheep_jessica_study,
          uniq_ijyb

Skill      XL: |  1  2  3 |
---------------+----------+-----
Stealth        | 1 |  1.7
Fighting       | |  2.5
Dodging        | |  2.4
Unarmed Combat | |  2.8
Shapeshifting  | |  3.4

Action                     |  1- 3 |  4- 6 || total
---------------------------+-------+-------++-------
  Melee: Unarmed           |    57 |     8 ||    65
         Constrict         |    14 |     1 ||    15
         Tentacles         |    11 |     1 ||    12
         Punch             |     3 |       ||     3
    Use: Scroll            |     2 |       ||     2
   Stab: Sleeping          |    13 |     1 ||    14
 Armour: Skin              |     7 |     1 ||     8
  Dodge: Dodged            |    26 |     3 ||    29

Table legend: (Time is in decaauts)
 A = Elapsed time spent in this place.
 B = Non-inter-level travel time spent in this place.
 C = Inter-level travel time spent in this place.
 D = Time resting spent in this place.
 E = Time spent auto-exploring this place.
 F = Levels seen in this place.
 G = Mean time per level.
                   A        B        C        D        E       F      G
               +--------+--------+--------+--------+--------+-----+--------+
         Total |   1293 |   1230 |     63 |      0 |    988 |   3 |  431.0 |
       Dungeon |   1293 |   1230 |     63 |      0 |    988 |   3 |  431.0 |
               +--------+--------+--------+--------+--------+-----+--------+

Top non-repeatable levels by time:
     D:1: 530 daAuts
     D:2: 515 daAuts
     D:3: 247 daAuts
